 Dungeon Crawl Stone Soup version 0.25-a0-246-g58704a1ebd (webtiles) character file.

Game seed: 11322873693108353295, levelgen mode: deterministic

50 D1HalberdGnoll the Poker (level 3, 0/28 HPs)
             Began as a Merfolk Skald on Dec 2, 2019.
             Killed from afar by an orc wizard (5 damage)
             ... with a magic dart
             ... on level 2 of the Dungeon.
             The game lasted 00:02:49 (944 turns).

D1HalberdGnoll the Poker (Merfolk Skald)             Turns: 944, Time: 00:02:49

Health: 0/28       AC:  8    Str: 12    XL:     3   Next: 79%
Magic:  6/6        EV:  6    Int: 12    God:
Gold:   38         SH:  0    Dex: 13    Spells: 5/6 levels left

rFire    . . .     SeeInvis .   a - +0 spear
rCold    . . .     Gourm    .   (no shield)
rNeg     . . .     Faith    .   c - +0 chain mail
rPois    .         Spirit   .   (no helmet)
rElec    .         Reflect  .   (no cloak)
rCorr    .         Harm     .   (no gloves)
MR       .....                  (no boots)
Stlth    ..........             (no amulet)
HPRegen  0.09/turn              (no ring)
MPRegen  0.10/turn              (no ring)

@: flying
A: change form in water, swift swim, stealthy swim
a: no special abilities


You were on level 2 of the Dungeon.
You were not hungry.

You visited 1 branch of the dungeon, and saw 2 of its levels.

You collected 38 gold pieces.

Inventory:

Hand Weapons
 a - a +0 spear (weapon)
Missiles
 k - 5 poisoned darts (quivered)
Armour
 c - a +0 chain mail (worn)
   (You found it on level 2 of the Dungeon)
Scrolls
 g - a scroll of teleportation {unknown}
 h - a scroll of fog {unknown}
 i - 2 scrolls of identify {unknown}
 j - a scroll of enchant armour {unknown}
Potions
 d - 2 potions of flight
Comestibles
 e - 7 rations {!d}


   Skills:
 + Level 2.8 Fighting
 * Level 4.6 Polearms
 - Level 0.6 Armour
 + Level 3.5 Dodging
 - Level 2.0 Spellcasting
 - Level 3.2 Charms


You had 5 spell levels left.
You knew the following spells:

 Your Spells              Type           Power        Failure   Level  Hunger
a - Infusion              Chrm           #...         97%         1    ##.....

Your spell library contained the following spells:

 Spells                   Type           Power        Failure   Level  Hunger
 Song of Slaying          Chrm           #.......     99%         2    ###....
 Shroud of Golubria       Chrm/Tloc      #.....       100%        2    ###....
 Regeneration             Chrm/Necr      #.........   100%        3    ####...
 Spectral Weapon          Hex/Chrm       #.......     100%        3    ####...


Dungeon Overview and Level Annotations

Branches:
Dungeon (2/15)

Altars:
Uskayaw


Message History

Throwing (i - inventory)
k - 8 poisoned darts (quivered)
Aim: an orc, wielding a +0 falchion and wearing a +0 scale mail (lightly wounded)
You throw a poisoned dart. The poisoned dart hits the orc.
The orc is poisoned.
Something hits you but does no damage. Something hits you but does no damage.
Your chain mail prevents you from hitting something.
You hear some strange, mumbled words.
A magic dart appears from out of thin air!
The magic dart hits you!
* * * LOW HITPOINT WARNING * * *
You barely miss something. Something hits you but does no damage.
You closely miss something. Something hits you but does no damage.
Something hits you but does no damage.
You miss something. Something hits you but does no damage.
You closely miss something.
You kill the orc!
Something hits you.
* * * LOW HITPOINT WARNING * * *
You miss something. You closely miss something.
You hear some strange, mumbled words.
A magic dart appears from out of thin air!
The magic dart hits you.
* * * LOW HITPOINT WARNING * * *
Something hits you.
* * * LOW HITPOINT WARNING * * *
Okay, then.
Throwing (i - inventory)
k - 7 poisoned darts (quivered)
Okay, then.
Throwing (i - inventory)
k - 7 poisoned darts (quivered)
You throw a poisoned dart. Something hits you but does no damage.
You closely miss something. Something hits you but does no damage.
Throwing (i - inventory)
k - 6 poisoned darts (quivered)
You throw a poisoned dart. Something hits you but does no damage.
Something hits you but does no damage.
Your chain mail prevents you from hitting something.
Something hits you but does no damage.
You hit something. Something hits you but does no damage.
You hit something but do no damage.
You hear some strange, mumbled words.
A magic dart appears from out of thin air!
The magic dart hits you.
You die...

....#....##<.#.#........
........###..†..(.......
........# #.#...........
..#..#.o# #...........?.
#...###.###......##.....
.....#[h##......(# ....
.......###....##)# ...
......####..#.##{#
.........#..#.##@#
.....#.........#.###
#...###.>...#......##
.....#...[..#...##..###
............#..#......#
.................######
...............###
............#...##
>................##


There were no monsters in sight!

Vanquished Creatures
  A gnoll (D:1)
  An adder (D:2)
  A leopard gecko (D:1)
  2 orcs (D:2)
  3 bats (D:1)
  3 goblins (D:1)
  5 jackals
  3 kobolds
  A ball python (D:1)
  2 frilled lizards (D:1)
  5 rats
27 creatures vanquished.

Notes
Turn   | Place    | Note
-------+----------+-------------------------------------------
     0 | D:1      | D1HalberdGnoll the Merfolk Skald began the quest for the
                  | Orb.
     0 | D:1      | Reached XP level 1. HP: 16/16 MP: 3/3
    96 | D:1      | Reached XP level 2. HP: 23/23 MP: 5/5
   143 | D:1      | Reached skill level 4 in Polearms
   431 | D:1      | Reached XP level 3. HP: 24/28 MP: 6/6
   523 | D:2      | Noticed a +0 hand axe
   524 | D:2      | Noticed a +0 hand axe
   526 | D:2      | Found a hide-covered altar of Uskayaw.
   944 | D:2      | Killed from afar by an orc wizard

Levels and vault maps discovered:
D:1:      dpeg_arrival_tiny_j, layout_rooms, lemuel_old_faithful
D:2:      layout_rooms, dancing_weapons_uskayaw, overflow_temple_1_default,
          minmay_strange_pillars, kennysheep_potato

Skill      XL: |  1  2 |
---------------+-------+-----
Dodging        | 3 |  3.5
Polearms       | 4 |  4.6
Fighting       | |  2.8
Armour         | |  0.6
Spellcasting   | |  2.0
Charms         | |  3.2

Action                   || total
-------------------------++-------
Melee: Spear             ||   106
Throw: Dart              ||     9
 Cast: Infusion          ||     1
  Use: Potion            ||     2
Armor: Leather armour    ||    31
       Chain mail        ||    36
Dodge: Dodged            ||    81

Table legend:
 A = Non-vault XP
 B = Vault XP
 C = Vault XP percentage of total XP
 D = Non-vault monster count
 E = Vault monster count
 F = Vault count percentage of total count
                 A         B        C        D         E       F
            +---------+---------+-------+---------+---------+-------
      Total |      72 |       0 |   0.0 |      27 |       0 |   0.0
            +---------+---------+-------+---------+---------+-------
        D:1 |      42 |       0 |   0.0 |      17 |       0 |   0.0
        D:2 |      30 |       0 |   0.0 |      10 |       0 |   0.0
            +---------+---------+-------+---------+---------+-------
